[Event "FIDE WY-U16 Olympiad 2022"]
[Site "Nakhchivan"]
[Date "2022.10.02"]
[Round "1.10"]
[White "Batista Rosas, Nicolas Arturo"]
[Black "Pranesh M"]
[Result "0-1"]
[ECO "D31"]
[WhiteElo "1919"]
[BlackElo "2437"]
[Annotator "TA"]
[PlyCount "80"]
[EventDate "2022.10.02"]
[EventType "team-tourn"]
[EventCountry "AZE"]
[SourceTitle "playchess.com"]
[Source "ChessBase"]
[SourceQuality "1"]
[WhiteTeam "Panama"]
[BlackTeam "India"]
[WhiteTeamCountry "PAN"]
[BlackTeamCountry "IND"]
[TimeControl "40/5400+30:1800+30"]

1. d4 d5 2. c4 c6 3. Nc3 e6 4. Nf3 dxc4 5. a4 Bb4 6. e3 b5 7. Bd2 a5 8. axb5 Bxc3 9. Bxc3 cxb5 10. b3 Bb7 11. bxc4 b4 12. Bd2 Nf6 13. Bd3 O-O 14. Qc2 Nbd7 15. O-O Qc7 {[%emt 0:00:57] D31: Queen's Gambit Declined: Semi-Slav without ...Nf6 (+ Marshall Gambit and Noteboom) and Exchange Variation lines without ...Nf6.} 16. e4 e5 $1 {[%emt 0:00:37] Hoping for ...exd4.} 17. d5 {[%emt 0:08:23] [#]} Rfc8 $146 {[%emt 0:02:35] Black is slightly better.} ({Predecessor:} 17... Nc5 18. Be3 Nfd7 19. Rfb1 Rfc8 20. Nd2 Ba6 21. Bf1 Rab8 22. g3 f6 23. Bh3 Rd8 24. Nb3 Nxb3 25. Qxb3 Nc5 26. Bxc5 Qxc5 27. Rc1 Bc8 28. Bxc8 Rdxc8 {½-½ (28) Sandu,M (2033)-Ciorica,M (2009) Calimanesti Caciulata 2016}) 18. Be3 Ng4 19. Qb2 $2 {[%emt 0:01:37] [#]} (19. Bg5 $15) 19... Nxe3 $19 20. fxe3 Qb6 21. Qf2 f6 22. Ng5 Nc5 {[%emt 0:01:11] Against Ne6} ({Don't go for} 22... fxg5 $2 23. Qf7+ Kh8 24. Qxd7 Qxe3+ 25. Kh1 Qxd3 26. Qxb7 $19) 23. Ne6 Nxe6 ({Inferior is} 23... Nxd3 24. Qg3 Rc7 25. Nxc7 Qxc7 26. Rxf6 $19) 24. dxe6 Qxe6 25. Rfc1 Rc5 26. Qc2 Qb6 27. Qb3 Bc8 28. Rc2 Bd7 {[%emt 0:00:35] Black is clearly winning.} 29. Rb2 Rb8 30. Rab1 Qc6 31. Qd1 Be6 32. Ra2 h6 {[%emt 0:01:01] Threatens to win with ...Rd8.} 33. Qe1 (33. Qb3 $142) 33... Kh7 34. h3 Qc7 35. Qf1 Qd7 36. Kh2 a4 {[%emt 0:00:38] And now ...b3 would win.} 37. Rab2 b3 38. Ra1 Rb4 39. Ra3 Bxc4 40. Bxc4 Rbxc4 {[%emt 0:00:06] White got outplayed after the opening.  Weighted Error Value: White=0.66/Black=0.25 (precise)} 0-1

[Event "FIDE WY-U16 Olympiad 2022"]
[Site "Nakhchivan"]
[Date "2022.10.02"]
[Round "1.11"]
[White "Rohit S"]
[Black "Schnell, Sebastian Narayana"]
[Result "1-0"]
[ECO "B10"]
[WhiteElo "2065"]
[BlackElo "1846"]
[Annotator "TA"]
[PlyCount "67"]
[EventDate "2022.10.02"]
[EventType "team-tourn"]
[EventCountry "AZE"]
[SourceTitle "playchess.com"]
[Source "ChessBase"]
[SourceQuality "1"]
[WhiteTeam "India"]
[BlackTeam "Panama"]
[WhiteTeamCountry "IND"]
[BlackTeamCountry "PAN"]
[TimeControl "40/5400+30:1800+30"]

1. e4 c6 2. Nc3 d5 3. Nf3 Nf6 4. e5 Ne4 5. Ne2 e6 6. d3 {[%emt 0:01:57][%cal Bd2d3,Bd3d4][%mdl 32] B11: Caro-Kann: Two Knights Variation.} Nc5 7. d4 Ncd7 8. Ng3 {[%emt 0:04:08] White is slightly better.} c5 9. c3 Nc6 10. a3 c4 {[%emt 0:04:38] [#] Prevents Bd3.} 11. Be2 $146 ({Predecessor:} 11. b3 b5 12. Be2 Na5 13. Nd2 cxb3 14. Nxb3 Nc4 15. O-O Bb7 16. f4 g6 17. f5 exf5 18. Nxf5 gxf5 {1-0 (40) Jumabayev,R (2614)-Saiyn,Z (2395) Almaty 2017}) 11... Be7 12. h4 b5 (12... f6 $11) 13. Ng5 Nb6 14. Bh5 {[%emt 0:06:22] White is more active. White stays focused until the end.} g6 ({Black should play} 14... Bxg5 15. hxg5 (15. Bxg5 Qc7 $14) 15... Na5) 15. Qf3 $16 Bxg5 16. Bxg5 Qc7 17. Qf6 Rg8 18. Bd1 Na4 (18... Nd7 $142 19. Qf3 h5) 19. Rb1 $18 Bb7 20. h5 Qe7 21. Qf4 Qc7 (21... Qf8 $142 22. Kd2 a5 23. hxg6 hxg6 24. Bxa4 bxa4) 22. hxg6 hxg6 23. Rh7 Nd8 24. Bg4 Rf8 25. Qf6 {[%emt 0:00:17] [#] Threatens to win with Qg7.} Rc8 26. Kd2 Rg8 27. Rbh1 Nxb2 28. Rh8 Rxh8 29. Rxh8+ Kd7 {[%emt 0:00:05] [#]} 30. Qe7+ (30. Bxe6+ $142 $1 fxe6 31. Qe7+ Kc6 32. Qc5+ Kd7 33. Rh7+ Ke8 34. Re7+ Kf8 35. Rxc7+ Kg8 36. Rxc8 Bxc8 37. Bh6 Kh7 38. Qf8 Bd7 39. Qg7#) 30... Kc6 {[%emt 0:00:58] White is clearly winning.} 31. Qc5+ Kd7 32. Qxb5+ Bc6 33. Qxb2 {[%emt 0:00:11] aiming for Qb4.} Rb8 34. Qxb8 {[%emt 0:00:42] Weighted Error Value: White=0.10 (very precise) /Black=0.49} 1-0

[Event "FIDE WY-U16 Olympiad 2022"]
[Site "Nakhchivan"]
[Date "2022.10.02"]
[Round "1.11"]
[White "Huseynli, Ayan"]
[Black "Ahmad, Khagan"]
[Result "0-1"]
[ECO "D00"]
[WhiteElo "1572"]
[BlackElo "2196"]
[Annotator "TA"]
[PlyCount "86"]
[EventDate "2022.10.02"]
[EventType "team-tourn"]
[EventCountry "AZE"]
[SourceTitle "playchess.com"]
[Source "ChessBase"]
[SourceQuality "1"]
[WhiteTeam "Azerbaijan"]
[BlackTeam "Azerbaijan"]
[WhiteTeamCountry "AZE"]
[BlackTeamCountry "AZE"]
[TimeControl "40/5400+30:1800+30"]

1. d4 d5 2. e3 Bf5 3. c4 c6 4. Qb3 Qb6 5. Qxb6 axb6 6. cxd5 {[%emt 0:00:07] D10: Slav Defence: 3 cxd5 (without early Nf3) and 3 Nc3.} cxd5 7. Nc3 e6 8. Bb5+ {[%emt 0:01:14] White is slightly better.} Nc6 9. Nf3 Bb4 {[%emt 0:02:21] [#]} 10. Ne5 $146 ({Predecessor:} 10. Bd2 Ra5 11. Be2 h6 12. Nb5 Nf6 13. O-O Ke7 14. Rfc1 Bxd2 15. Nxd2 Raa8 16. Rc3 {0-1 (43) Delitzsch,J-Zach,A Tirschenreuth 1982}) 10... Nge7 11. Bd2 f6 12. Nxc6 (12. Nf3 $11) 12... bxc6 $15 13. Be2 Bd6 14. f4 h5 15. h4 b5 {[%emt 0:04:07] Black is more active.} (15... Bg4 $17 16. Kf2 Nf5) 16. a4 b4 17. Nd1 Ra5 18. Nf2 Kf7 19. g3 (19. Nd3 $14) 19... Bc2 $36 {[%emt 0:02:42][%cal Bf5c2,Bc2a4,Ba4b5][%mdl 2080] Black fights for an advantage.} 20. Nd3 Rxa4 21. Rxa4 Bxa4 22. Nxb4 Bb5 23. Bd1 c5 24. dxc5 Bxc5 25. Be2 Bxe2 26. Kxe2 Nf5 27. Kf3 {[%emt 0:01:26] [#]} (27. Rg1 $17 {might work better.}) 27... Nxe3 $1 $19 28. Nd3 (28. Bxe3 Bxb4) 28... Nc4 29. Nxc5 {[%emt 0:03:08] Hoping for Bc3.} Nxd2+ {[%emt 0:00:02][%mdl 4096] Endgame KRN-KRN} 30. Ke2 {[%emt 0:02:53] [#]} Nc4 31. b3 Nb6 (31... Nd6 $19 32. Ra1 Rb8) 32. Ra1 {[%emt 0:00:52] [#]} Ra8 $1 {[%emt 0:00:02] Against Ra7+} 33. Na4 (33. Rc1 $142) 33... Kg6 {[%emt 0:02:10] aiming for ...Kf5.} 34. Kf3 $2 (34. f5+ {is the only way for White.} exf5 35. Kd3) 34... Kf5 35. Ra2 d4 {[%emt 0:01:15] Strongly threatening ...e5.} 36. Ra1 e5 37. fxe5 fxe5 {[%emt 0:00:03][%cal Bf6e5,Be5e4,Be4e3][%mdl 32] White must now prevent ...e4+.} 38. Ra2 $2 (38. Ke2 Kg4 39. Kd3) 38... e4+ 39. Kf2 e3+ 40. Kf3 Ke5 41. Ra1 Nxa4 (41... Rf8+ $142 42. Kg2 Nxa4 43. Re1 Nc3 44. Ra1 d3 45. Ra5+ Kd4 46. Ra1 Rf2+ 47. Kh3 d2 48. g4 e2 49. Ra8 d1=Q 50. Rd8+ Nd5 51. Rxd5+ Kxd5 52. gxh5 Qh1+ 53. Kg4 Qg2#) 42. bxa4 Rf8+ 43. Ke2 Ke4 {[%emt 0:00:07] Weighted Error Value: White=0.90/Black=0.23 (precise)} 0-1

[Event "FIDE WY-U16 Olympiad 2022"]
[Site "Nakhchivan"]
[Date "2022.10.02"]
[Round "1.12"]
[White "Shukurova, Aydan"]
[Black "Bashirli, Saadat"]
[Result "1/2-1/2"]
[ECO "D31"]
[WhiteElo "1732"]
[BlackElo "1567"]
[Annotator "NA RC COMBH"]
[PlyCount "80"]
[EventDate "2022.10.02"]
[EventType "team-tourn"]
[EventCountry "AZE"]
[SourceTitle "playchess.com"]
[Source "ChessBase"]
[SourceQuality "1"]
[WhiteTeam "Azerbaijan"]
[BlackTeam "Azerbaijan"]
[WhiteTeamCountry "AZE"]
[BlackTeamCountry "AZE"]
[TimeControl "40/5400+30:1800+30"]

1. d4 d5 2. c4 e6 3. Nc3 c6 4. cxd5 exd5 5. Nf3 Bf5 6. Bf4 Bd6 7. Bxd6 Qxd6 8. Nh4 Be6 9. e3 Qd8 10. Nf3 Bf5 11. Bd3 Bxd3 12. Qxd3 Nf6 13. O-O O-O 14. Ne5 Nbd7 15. f4 Qe7 16. Rf3 Rae8 17. Rh3 h6 18. Rf1 Ne4 19. Nxe4 dxe4 20. Qb3 Nxe5 21. fxe5 Kh7 22. Qd1 f5 23. Qh5 Qe6 24. Rg3 g6 25. Qh4 Qxa2 26. Rh3 h5 27. Qg5 Qe6 28. Rf4 Qe7 29. Qg3 Kh6 30. Rfh4 Qg5 31. Qf2 c5 32. Rg3 Qe7 33. Rxh5+ gxh5 34. Qf4+ Kh7 35. Rg5 Qf7 36. Qh4 Kh6 37. Qf4 Kh7 38. Qh4 Kh6 39. Qf4 Kh7 40. Qh4 Kh6 1/2-1/2

[Event "FIDE WY-U16 Olympiad 2022"]
[Site "Nakhchivan"]
[Date "2022.10.02"]
[Round "1.12"]
[White "Castillo Beitia, Ashley Alexandra"]
[Black "Boramanikar Tanisha S"]
[Result "0-1"]
[ECO "E21"]
[WhiteElo "1674"]
[BlackElo "1740"]
[Annotator "NA RC COMBH"]
[PlyCount "80"]
[EventDate "2022.10.02"]
[EventType "team-tourn"]
[EventCountry "AZE"]
[SourceTitle "playchess.com"]
[Source "ChessBase"]
[SourceQuality "1"]
[WhiteTeam "Panama"]
[BlackTeam "India"]
[WhiteTeamCountry "PAN"]
[BlackTeamCountry "IND"]
[TimeControl "40/5400+30:1800+30"]

1. d4 Nf6 2. c4 e6 3. Nf3 b6 4. Nc3 Bb4 5. Bd2 O-O 6. e3 Bb7 7. Bd3 c5 8. O-O d5 9. cxd5 cxd4 10. Nxd4 Nxd5 11. Qc2 Bxc3 12. Bxh7+ Kh8 13. Bxc3 e5 14. Ne2 Nxc3 15. Nxc3 g6 16. Bxg6 fxg6 17. Qxg6 Qh4 18. e4 Nc6 19. g3 Qh3 20. Rad1 Nd4 21. f4 Ba6 22. Rf2 Rad8 23. Kh1 Bb7 24. Qg5 Rde8 25. Rdf1 Ba6 26. Rd1 Bb7 27. b4 Qh7 28. Re1 exf4 29. Rxf4 Nf3 30. Rxf3 Rxf3 31. Nd5 Rf2 32. h4 Rf5 33. Qc1 Bxd5 34. exd5 Rxe1+ 35. Qxe1 Qd7 36. Qc3+ Kg8 37. d6 Qxd6 38. Qc8+ Qf8 39. Qe6+ Qf7 40. Qc8+ Kh7 0-1

[Event "FIDE WY-U16 Olympiad 2022"]
[Site "Nakhchivan"]
[Date "2022.10.02"]
[Round "1.13"]
[White "Chen, Max"]
[Black "Samadov, Read"]
[Result "0-1"]
[ECO "B51"]
[WhiteElo "2104"]
[BlackElo "2455"]
[Annotator "TA"]
[PlyCount "62"]
[EventDate "2022.10.02"]
[EventType "team-tourn"]
[EventCountry "AZE"]
[SourceTitle "playchess.com"]
[Source "ChessBase"]
[SourceQuality "1"]
[WhiteTeam "Canada"]
[BlackTeam "Azerbaijan"]
[WhiteTeamCountry "CAN"]
[BlackTeamCountry "AZE"]
[TimeControl "40/5400+30:1800+30"]

1. e4 c5 2. Nf3 d6 3. Bb5+ Nd7 4. O-O a6 5. Bd3 Ngf6 6. c3 b5 7. Bc2 Bb7 8. Qe2 e6 {[%emt 0:06:17] 8...g6 is more advanced technology.} 9. d4 {[%emt 0:01:35] B51: Sicilian: Moscow Variation (3 Bb5+) without 3...Bd7.} Be7 10. Bg5 h6 11. Bh4 {[%emt 0:05:47] The position is equal.} Rc8 12. a4 {[%emt 0:16:17] [#]} Qb6 $146 ({Predecessor:} 12... g5 13. Bg3 h5 14. Nxg5 h4 15. Bf4 Nh5 16. Nh3 Nxf4 17. Nxf4 cxd4 18. cxd4 b4 {0-1 (40) Zajdela,K (1815)-Ghersinich,E (2193) Hum na Sutli 2019}) 13. Na3 cxd4 (13... g5 {seems wilder.} 14. Bg3 cxd4 15. cxd4 Rxc2 16. Nxc2 Nxe4 17. axb5 axb5 18. Nd2 Ndf6) 14. Bxf6 Bxf6 15. cxd4 O-O 16. axb5 axb5 17. Bd3 Bxd4 18. Nxd4 Qxd4 19. Nxb5 Qb6 20. Nc3 Ra8 21. Qc2 Nc5 22. Bc4 (22. Rxa8 $15 {deserves consideration.} Rxa8 23. Rb1) 22... Rfc8 23. Rxa8 Bxa8 24. Qe2 Qb4 25. f3 {[%emt 0:00:32] [#]} (25. Ba6 $17 Rb8 26. Bd3) 25... Nxe4 $1 $19 26. Nxe4 {[%emt 0:00:21] And now Bd3 would win.} Rxc4 27. Nxd6 Qc5+ 28. Kh1 Rc1 29. Rd1 Bd5 30. Ne4 Qb5 31. Qd2 {[%emt 0:00:28] [#]} (31. Qe1 $19 Rxd1 32. Qxd1) 31... Qf1+ $1 {[%emt 0:00:11] Weighted Error Value: White=0.35/Black=0.02 (flawless)} 0-1

[Event "FIDE WY-U16 Olympiad 2022"]
[Site "Nakhchivan"]
[Date "2022.10.02"]
[Round "1.13"]
[White "Galaviz Medina, Atlas Adomaitis"]
[Black "Arkadan, Adib"]
[Result "1-0"]
[ECO "A41"]
[WhiteElo "2069"]
[BlackElo "1884"]
[Annotator "TA"]
[PlyCount "75"]
[EventDate "2022.10.02"]
[EventType "team-tourn"]
[EventCountry "AZE"]
[SourceTitle "playchess.com"]
[Source "ChessBase"]
[SourceQuality "1"]
[WhiteTeam "Mexico"]
[BlackTeam "Lebanon"]
[WhiteTeamCountry "MEX"]
[BlackTeamCountry "LBN"]
[TimeControl "40/5400+30:1800+30"]

1. d4 d6 2. c4 e5 3. dxe5 dxe5 4. Qxd8+ Kxd8 5. Nf3 f6 6. Nc3 Be6 7. b3 c6 8. Bb2 {[%emt 0:00:17] A41: 1 d4 d6: Tartakower System and Modern Defence.} Nd7 9. g3 Nh6 10. Bg2 {[%emt 0:01:55] Black is slightly better.} Kc7 11. O-O Nf7 12. Rfd1 {[%emt 0:01:52] [#]} Nd6 $146 ({Predecessor:} 12... Nc5 13. b4 Na6 14. b5 Nc5 15. bxc6 bxc6 16. Nd2 Rb8 17. Rab1 Be7 18. Nce4 Nxe4 19. Bxe4 {0-1 (43) Charkhalashvili,I (2355)-Paehtz,E (2464) Riadh 2017}) 13. Rac1 a5 14. Ba3 Ne4 $2 {[%emt 0:16:20][%mdl 8192] This costs Black the game.} 15. Bxf8 $18 ({Stronger than} 15. Nxe4 Bxa3 16. Rb1 Nc5 $17) 15... Nxc3 16. Bd6+ ({Worse is} 16. Rxc3 Rhxf8 17. Rc2 Nc5 $15) 16... Kc8 17. Rxc3 c5 18. Nd2 Ra6 19. Ne4 Rc6 20. Be7 Kc7 21. Nd6 Rb6 22. Nb5+ Kb8 23. Rcd3 Kc8 24. Na7+ Kc7 25. Bd6+ Kd8 26. Bxc5 Ra6 27. Bxb7 Rxa7 28. Bxa7 Kc7 29. Bd5 Bf5 30. e4 Bh3 31. f3 h5 32. g4 Nf8 33. c5 hxg4 34. Bb6+ Kc8 35. Ba8 (35. Bc4 $142 Kb7 {[#]} 36. Rd7+ $1 Nxd7 37. Rxd7+ Kc8 38. c6 gxf3 39. Ba6+ Kb8 40. Rb7+ Kc8 41. Ra7+ Kb8 42. c7#) 35... Ne6 36. c6 {[%emt 0:00:06] [#] White threatens Rd5 and mate.} gxf3 37. Bb7+ Kb8 38. Ba6 {[%emt 0:00:29] Weighted Error Value: White=0.05 (flawless) /Black=0.91} 1-0

[Event "FIDE WY-U16 Olympiad 2022"]
[Site "Nakhchivan"]
[Date "2022.10.02"]
[Round "1.14"]
[White "Talibov, Shiroghlan"]
[Black "Chen, Rachel Ruoxuan"]
[Result "1-0"]
[ECO "A17"]
[WhiteElo "2299"]
[BlackElo "1783"]
[Annotator "TA"]
[PlyCount "55"]
[EventDate "2022.10.02"]
[EventType "team-tourn"]
[EventCountry "AZE"]
[SourceTitle "playchess.com"]
[Source "ChessBase"]
[SourceQuality "1"]
[WhiteTeam "Azerbaijan"]
[BlackTeam "Canada"]
[WhiteTeamCountry "AZE"]
[BlackTeamCountry "CAN"]
[TimeControl "40/5400+30:1800+30"]

1. c4 Nf6 2. Nc3 e6 3. Nf3 d5 4. d4 dxc4 5. e4 Bb4 6. Bg5 h6 7. Bxf6 Qxf6 8. Bxc4 c5 9. O-O {[%emt 0:02:57] Nb5 is the strong threat. D39: Queen's Gambit Declined: Ragozin Defence with 5 Bg5 dxc4.} cxd4 10. Nb5 Qe7 {[%emt 0:07:08] Against Nc7+} 11. Qxd4 {[%emt 0:09:10] The position is equal.} O-O 12. e5 Bd7 13. Qf4 {[%emt 0:14:36] [#] Hoping for Nc7.} ({Wrong is} 13. Nxa7 $2 Bc5 14. Qe4 Rxa7 $19) 13... Nc6 $146 ({Predecessor:} 13... Bc6 14. Nbd4 Bc5 15. Rad1 Rd8 16. h4 Rd7 17. Bb3 Bxf3 18. Nxf3 Rxd1 19. Rxd1 Nc6 {0-1 (42) Grabliauskas,V (2332)-Ghaem Maghami,E (2568) Mashhad 2013}) 14. a3 Bc5 (14... a6 $5 15. Nd6 (15. axb4 axb5 16. Bxb5 Nxb4 $15) 15... Bxd6 16. exd6 Qf6 17. Qxf6 gxf6 $11) 15. b4 Bb6 (15... a6 $1 $11 {deserves consideration.} 16. Nc3 Ba7) 16. Nd6 $36 {[%emt 0:03:41][%mdl 2048] White is pushing.} Rab8 (16... f6 $14 17. Nf5 (17. Nxb7 fxe5 18. Qg3 Rf5 $11) 17... Qf7) 17. Rad1 $16 {[%emt 0:01:00] White is much more active. The black rooks are badly placed.} Rfd8 {[%emt 0:01:26] [#]} (17... a6 $16) 18. g4 $1 $18 Bc7 19. g5 Bxd6 $2 {[%emt 0:02:46] A mistake that costs the game.} (19... hxg5 $16 20. Nxg5 Nxe5 21. Qxe5 Be8) 20. exd6 Qf8 21. gxh6 g6 22. Rd3 Be8 $2 {[%emt 0:00:43] [#]} (22... f6 23. Re3 Re8) 23. Bxe6 $1 {[%emt 0:00:42][%mdl 512] White is clearly winning.} Bd7 (23... Rd7 24. Bxd7) 24. Bxd7 Rxd7 25. b5 Nd8 26. h7+ Kxh7 27. Qf6 Ne6 28. Ne5 {[%emt 0:00:05] Weighted Error Value: White=0.24 (precise) /Black=0.60} 1-0

[Event "FIDE WY-U16 Olympiad 2022"]
[Site "Nakhchivan"]
[Date "2022.10.02"]
[Round "1.14"]
[White "Karam, Youssef Mark"]
[Black "Paredes Guzman, Francisco Javier"]
[Result "0-1"]
[ECO "A04"]
[WhiteElo "1488"]
[BlackElo "2023"]
[Annotator "TA"]
[PlyCount "132"]
[EventDate "2022.10.02"]
[EventType "team-tourn"]
[EventCountry "AZE"]
[SourceTitle "playchess.com"]
[Source "ChessBase"]
[SourceQuality "1"]
[WhiteTeam "Lebanon"]
[BlackTeam "Mexico"]
[WhiteTeamCountry "LBN"]
[BlackTeamCountry "MEX"]
[TimeControl "40/5400+30:1800+30"]

1. Nf3 d6 2. d4 g6 3. b3 Bg7 4. Bb2 Nf6 5. e3 O-O 6. Bd3 Nc6 {[%emt 0:07:40][%cal Oe7e5] A48: 1 d4 Nf6 2 Nf3 g6: Torre, London and Colle Systems.} 7. a3 e5 8. Nbd2 {[%emt 0:05:45] Prevents e4.} exd4 {[%emt 0:08:30] Black has an edge.} 9. Nxd4 Ne5 10. Be2 {[%emt 0:15:51] [#]} Qe7 $146 ({Predecessor:} 10... Re8 11. O-O a6 12. Rb1 Bd7 13. Nc4 Nxc4 14. Bxc4 b5 15. Be2 c5 16. Nf3 Bc6 {0-1 (75) Tribuiani,R (2099)-Sibilio,M (2361) Rome 2004}) 11. O-O h5 12. h3 Nh7 13. e4 a6 14. f4 Nd7 15. Rb1 $36 {[%emt 0:15:34][%mdl 2048] White is pushing.} Nc5 (15... c5 $5 16. N4f3 $8 Bxb2 17. Rxb2 Qf6 $11) 16. Bc4 Nf6 17. Re1 $1 Nfd7 18. f5 Kh7 (18... Ne5 $14) 19. b4 $2 (19. fxg6+ $1 $18 fxg6 20. Nf5 $1 Rxf5 21. exf5) 19... Na4 $14 20. Ba1 Ne5 21. Bb3 Nb6 22. Qe2 Bd7 23. N4f3 Rae8 24. Nxe5 Bxe5 25. Qf3 Qf6 26. Rf1 (26. Bxe5 $11 Qxe5 27. Rbd1) 26... Bxa1 $15 27. Rxa1 {[%emt 0:00:01] fxg6+ is the strong threat.} Qd4+ 28. Kh1 Qxd2 29. Bxf7 $1 Qg5 {[%emt 0:00:09] Strongly threatening ...gxf5.} 30. Bxg6+ Kh6 31. Bxe8 Bxe8 32. Qf4 (32. Rae1 $15) 32... Nd7 33. Kh2 Nf6 (33... Qxf4+ $17 34. Rxf4 Kg5) 34. Rae1 Bb5 35. Qxg5+ $1 Kxg5 36. Rf3 Bc6 {[%emt 0:01:04][%mdl 1024] Black has compensation.} 37. Rfe3 Re8 38. e5 Nd5 39. h4+ Kxf5 {[%emt 0:01:03] Black is more active.} 40. Rf3+ Kg6 (40... Nf4 $17 41. Rf2 Bxg2) 41. c4 $1 $11 Ne7 {[%emt 0:31:14] [#]} (41... Nb6 $11 42. Rg3+ Kh7) 42. Rg3+ $1 $16 Kf7 43. exd6 cxd6 44. Rg5 Rh8 45. Rd1 (45. b5 $1 $14 axb5 46. cxb5) 45... Rh6 $11 46. Kg3 Ke8 47. Re1 {[%emt 0:01:41] aiming for Rg7.} Rh7 {[%emt 0:00:00] Inhibits Rg7.} (47... Kd8 $11) 48. Re6 ({White has to play} 48. b5 $16 {Black must now prevent c5.} axb5 49. cxb5) 48... Kd7 49. Rf6 b5 ({Better is} 49... Kc7 $15) 50. Rf4 (50. c5 $11) 50... bxc4 $15 51. Rxc4 Bd5 52. Rd4 Be6 {[%emt 0:00:00] Hoping for ...Nf5+.} 53. Rf4 {[%emt 0:00:00] Inhibits Nf5+.} Bg4 (53... Nc6 $15 {is more appropriate.}) 54. Rf6 Rh8 55. Ra5 Be2 56. Kf2 Bc4 57. Rf4 (57. Rg5 $11) 57... d5 $17 58. g3 (58. Rc5 $17) 58... Nc6 59. Rc5 {[%emt 0:00:00] [#]} Ne5 {[%emt 0:00:00] Prevents g4.} ({Black should play} 59... Re8 $1 60. Rf7+ Ke6) 60. Rd4 $2 (60. Rfxc4 $17 Nxc4 61. Rxd5+ Ke6 62. Rc5 Nxa3 63. Rc6+ Kd5 64. Rxa6) 60... Kd6 $19 61. Kg2 Re8 62. Rf4 Ng4 {[%emt 0:00:00] Against Rf6+} 63. Kh3 (63. Rf3 $142 Re2+ 64. Kh1) 63... Re1 (63... Re2 $142 64. Rxg4 hxg4+ 65. Kxg4 Rc2) 64. Rf5 (64. Kg2 $142 Re2+ 65. Kg1) 64... Bf1+ 65. Rxf1 Rxf1 66. Ra5 Rf2 {[%emt 0:00:00] Quite a comeback for Black.  Weighted Error Value: White=0.38/Black=0.28 (precise)} 0-1

[Event "FIDE WY-U16 Olympiad 2022"]
[Site "Nakhchivan"]
[Date "2022.10.02"]
[Round "1.15"]
[White "Zacarias Rodriguez, Santiago"]
[Black "Fawaz, Mohamad"]
[Result "1-0"]
[ECO "B12"]
[WhiteElo "2091"]
[BlackElo "1394"]
[Annotator "TA"]
[PlyCount "107"]
[EventDate "2022.10.02"]
[EventType "team-tourn"]
[EventCountry "AZE"]
[SourceTitle "playchess.com"]
[Source "ChessBase"]
[SourceQuality "1"]
[WhiteTeam "Mexico"]
[BlackTeam "Lebanon"]
[WhiteTeamCountry "MEX"]
[BlackTeamCountry "LBN"]
[TimeControl "40/5400+30:1800+30"]

1. e4 c6 2. d4 d5 3. e5 Bf5 4. h4 h5 5. Bd3 Bxd3 6. Qxd3 e6 7. Bg5 {[%emt 0:00:37] B12: Caro-Kann: Advance Variation.} Ne7 8. Nd2 Qc7 9. Ne2 {[%emt 0:05:20] White is slightly better.} Nd7 10. c4 dxc4 11. Nxc4 {[%emt 0:00:36] [#] Nd6+ is the strong threat.} Nf5 $146 {[%emt 0:00:11] Inhibits Nd6+.} ({Predecessor:} 11... Nd5 12. a3 N7b6 13. Nxb6 Qxb6 14. O-O Be7 15. Bxe7 Nxe7 16. Qc3 O-O-O 17. Qc5 Nf5 18. Qxb6 axb6 {0-1 (33) Francioni,M (1599)-Cassi,E (1802) Porto San Giorgio 2020}) 12. O-O Nb6 13. Ne3 Ne7 (13... g6 $1 $11) 14. Nc3 $16 {[%emt 0:17:26] White has more active pieces. The black rooks are badly placed.} O-O-O 15. Rfd1 Rd7 {[%emt 0:02:18] [#]} 16. Nb5 $1 cxb5 (16... Qb8 17. Nd6+) 17. Bxe7 Kb8 (17... Rxe7 $2 18. Rac1 g6 19. d5 exd5 20. Qxb5 $18) (17... Bxe7 $142 18. Rac1 Nc4) 18. Bxf8 (18. Rac1 $16 Qxc1 19. Rxc1 Bxe7 20. Qe4 (20. Qxb5 Rxd4 21. Rd1 Rxh4 $16)) 18... Rxf8 $11 19. Qxb5 Qd8 20. a4 Rxd4 {[%emt 0:04:54] White stays focused until the end.} (20... a6 $11 {keeps the balance.} 21. Qb4 Nd5 22. Nxd5 Rxd5) 21. a5 $16 Nc8 22. Rxd4 ({Don't do} 22. a6 Qb6 23. Qe2 Rxd1+ 24. Qxd1 (24. Nxd1 g6 $14) 24... bxa6 $14) 22... Qxd4 23. Rd1 $1 $36 {[%emt 0:00:01][%mdl 2048] Keeping Black busy.} a6 {[%emt 0:03:40] Hoping for ...Qxd1+.} 24. Qxb7+ ({Of course not} 24. Rxd4 $6 axb5 25. g4 hxg4 $11) 24... Kxb7 25. Rxd4 {[%emt 0:00:04][%mdl 4096] Endgame KRN-KRN} Kc6 26. b4 Re8 (26... Kb5 $142) 27. Kf1 Re7 28. Ke2 Kb5 {[%emt 0:02:10] [#]} 29. Nd1 $1 Rc7 {[%emt 0:00:33] Inhibits Nc3+.} (29... Ka4 30. Nb2+ Kb3) 30. Kd3 $18 Kc6 31. Rc4+ Kb7 32. Rxc7+ Kxc7 {[%emt 0:00:02] KN-KN} 33. Nc3 Kc6 $2 (33... Ne7 34. Ke4 Nf5) 34. Kc4 Ne7 35. b5+ axb5+ 36. Nxb5 Ng6 37. Nd4+ Kb7 38. Nf3 Ka6 (38... Ne7 $142 39. Ng5 Nc6 40. Nxf7 Nxa5+ 41. Kb5 Nc6 42. Nd6+ Kc7 43. Ne8+ Kd7) 39. g3 Kxa5 {[%emt 0:02:20] [#]} 40. Kc5 $1 {[%emt 0:00:17] And now Kd6 would win.} Ka4 41. Kd6 Kb4 42. Ng5 f6 43. exf6 {[%emt 0:02:06] White mates.} gxf6 44. Nxe6 Ne5 45. Ng7 Kc4 46. Nxh5 Ng4 47. f3 Nh6 48. Ke6 Kd4 49. Kxf6 Ke3 50. Kg6 Ng8 51. f4 Ne7+ 52. Kg5 Ke4 53. Nf6+ Kd4 54. h5 {[%emt 0:00:14] Weighted Error Value: White=0.13 (very precise) /Black=0.43} 1-0